 Dungeon Crawl Stone Soup version 0.17.0 (webtiles) character file.

86 KINGKRU the Cutter (level 4, -5/26 HPs)
             Began as a Kobold Wanderer on Nov 19, 2015.
             Slain by Wraiths's ghost (9 damage)
             ... on level 3 of the Dungeon.
             The game lasted 00:07:17 (2005 turns).

KINGKRU the Cutter (Kobold Wanderer)                Turns: 2005, Time: 00:07:17

Health: -5/26      AC:  2    Str: 10    XL:     4   Next: 77%
Magic:  5/5        EV: 15    Int: 10    God:
Gold:   165        SH:  0    Dex: 16    Spells: 0 memorised, 3 levels left

rFire  . . .     SeeInvis .     l - +1 hunting sling (flame)
rCold  . . .     Clarity  +     d - +0 robe
rNeg   . . .     SustAt   .     (shield restricted)
rPois  .         Gourm    .     (no helmet)
rElec  .         Spirit   .     (no cloak)
rCorr  .         Warding  .     (no gloves)
rMut   .         Stasis   .     (no boots)
MR     .....                    i - amulet of clarity
Stlth  ++........               (no ring)
                                (no ring)

@: not resistant to hostile enchantments, unstealthy
A: carnivore 3
a: no special abilities


You were on level 3 of the Dungeon.
You were not hungry.

You visited 1 branch of the dungeon, and saw 3 of its levels.

You collected 165 gold pieces.

Inventory:

Hand Weapons
 a - a +2 short sword
 h - a +1 short sword of protection
 l - a +1 hunting sling of flaming (weapon)
Missiles
 m - 18 stones (quivered)
Armour
 d - a +0 robe (worn)
Jewellery
 i - an amulet of clarity (around neck)
Scrolls
 f - 2 scrolls of enchant weapon {unknown}
 g - 4 scrolls of identify
Potions
 b - a potion of curing
 c - 2 potions of lignification
 j - 2 potions of ambrosia {unknown}
Comestibles
 k - a royal jelly


   Skills:
 + Level 1.9 Fighting
 + Level 6.3 Short Blades
 + Level 2.7 Dodging
 + Level 1.3 Stealth
   Level 3.0 Hexes
   Level 2.4 Evocations


You had 3 spell levels left.
You didn't know any spells.

Dungeon Overview and Level Annotations

Branches:
Dungeon (3/15)

Altars:

Annotations:
D:3 Wraiths's ghost, amateur KoBe


Innate Abilities, Weirdness & Mutations

You are small and have problems with some larger weapons.
You are carnivorous and can eat meat at any time.


Message History

The bat closely misses you.
Wraiths's ghost whispers, "Everlasting silence awaits you..."
Wraiths's ghost misses you.
Firing (i - inventory):
m - 19 stones (quivered)
Press: ? - help, Shift-Dir - straight line, f - bat, p - Wraiths's ghost
Aim: a bat You shoot a stone.
The stone hits the bat!
The stone burns the bat.
You kill the bat!
Wraiths's ghost hits you!
You see here a bat corpse.
You see here a ring mail.
Wraiths's ghost hits you! Wraiths's ghost hits you!
* * * LOW HITPOINT WARNING * * *
Wraiths's ghost flicks its blade from hand to hand, faster than the eye can follow.
Found 9 stones.
Wraiths's ghost hits you but does no damage.
You see here a dagger.
Wraiths's ghost hits you!
You die...

#.#####.# ##.# #.# ...# #.#
###### #..# #.# #....#
#..#####.#######....############
#..>............................
....###########.....#...........
.................W..)...........
....#.##.#..#...@.###.........(.
....#..#.##.#.....# #...........
.............<....# #.....######
#.#.#.##.#####....# #........#
#........†...'....# ####.....#
##..†###.#####....# #.....#
##...# #.....#....# #.....#
.....#######+#....# #.....#
.....'........##### #.....#


You could see Wraiths's ghost.

Vanquished Creatures
  3 adders
  A worm (D:3)
  A giant gecko (D:1)
  A ball python (D:2)
  7 bats
  7 giant cockroaches
  5 hobgoblins
  5 jackals
  5 kobolds
  A quokka (D:2)
  3 giant newts
  8 goblins
  7 rats
54 creatures vanquished.

Notes
Turn   | Place    | Note
--------------------------------------------------------------
     0 | D:1      | KINGKRU the Kobold Wanderer began the quest for the Orb.
     0 | D:1      | KINGKRU set off with: a +2 short sword, a potion of curing, a potion of lignification, a +0 robe, a meat ration
     0 | D:1      | Reached XP level 1. HP: 12/12 MP: 2/2
   208 | D:1      | Reached XP level 2. HP: 9/16 MP: 3/3
   515 | D:1      | Reached skill level 1 in Dodging
   646 | D:1      | Reached XP level 3. HP: 18/20 MP: 4/4
   849 | D:1      | Reached skill level 6 in Short Blades
  1218 | D:2      | Reached XP level 4. HP: 24/26 MP: 5/5
  1360 | D:2      | Reached skill level 1 in Stealth
  1481 | D:2      | You fall through a shaft!
  1953 | D:3      | Noticed Wraiths's ghost (amateur KoBe)
  2005 | D:3      | Slain by Wraiths's ghost

Action                   |  1- 3 |  4- 6 || total
-------------------------+-------+-------++-------
Melee: Short sword       |   100 |    40 ||   140
 Fire: Hunting sling     |       |    23 ||    23
  Use: Scroll            |     2 |     2 ||     4
 Stab: Sleeping          |     2 |     1 ||     3
  Eat: Meat ration       |     1 |       ||     1
